[Event "Early-Titled-Tuesday-Blitz-May-14-2024"]
[Site "Chess.com"]
[Date "2024.05.14"]
[Round "10"]
[White "RobertoJBM"]
[Black "Evan_Attaker"]
[Result "1-0"]
[WhiteElo "2845"]
[BlackElo "2657"]
[TimeControl "180+1"]
[EndTime "10:00:01 PDT"]
[Termination "RobertoJBM won by checkmate"]

1. d4 c5 2. d5 g6 3. Nc3 Bg7 4. e4 d6 5. h3 Nf6 6. Nf3 O-O 7. Bc4 Na6 8. O-O Nc7 9. a4 a6 10. Re1 Bd7 11. a5 Nb5 12. Bd2 Nxc3 13. Bxc3 Bb5 14. Qd3 Bxc4 15. Qxc4 Nd7 16. Bxg7 Kxg7 17.
e5 b5 18. axb6 Qxb6 19. e6 fxe6 20. Ng5 Rf6 21. Nxe6+ Kh8 22. b3 Ne5 23. Qe4 c4 24.
Re3 cxb3 25. cxb3 Rc8 26. f4 Nf7 27. Qd4 Qxd4 28. Nxd4 Rxf4 29. Nc6 Kg7 30. Rxa6 Rc7 31. g3 Rf5 32. Nxe7 Re5 33. Rxe5 Nxe5 34. Nc6 Kf6 35. Kf2 Rb7 36. Ra7 Rxb3 37. Rxh7 Rf3+ 38. Kg2 Rd3 39. Ne7 Rd2+ 40. Kf1 Nf3 41. Ng8+ Kg5 42. Rf7 Ne5 43. Rf4 Kh5 44. h4 g5 45. Nf6+ Kg6 46. hxg5 Kxg5 47. Ne4+ Kg6 48. Nxd2 Kg5 49. Ke2 Ng6 50. Nf3+ Kh5 51. Ke3 Nxf4 52. Kxf4 Kg6 53. g4 Kf6 54. Ng5 Kg6 55. Ne4 Kf7 56. Nxd6+ Kg6 57.
Ne4 Kh6 58. Ke5 Kg6 59. Kd6 Kf7 60. Kd7 Kg6 61. Ke7 Kg7 62. d6 Kh6 63. d7 Kg6 64. d8=Q Kh7 65. Qd1 Kg7 66. Qf3 Kh8 67. Ke6 Kg8 68. Kd5 Kh8 69. Kd4 Kh7 70. Kd3 Kg8 71. Ke3 Kh8 72. Ke2 Kh7 73. Ke1 Kg8 74. Kd2 Kh8 75. Kd1 Kh7 76. Kc2 Kg8 77. Kc1 Kh8 78.
Kb2 Kh7 79. Kb1 Kg8 80. Ka2 Kh8 81. Ka1 Kh7 82. Kb2 Kg8 83. Ka3 Kh8 84. Kb3 Kh7 85. Kb4 Kg8 86. Ka4 Kh8 87. Ka5 Kh7 88. Kb5 Kg8 89. Kc5 Kh8 90. Kc4 Kh7 91. Kd5 Kg8 92. Kd4 Kh8 93. Ng3 Kh7 94. Qc6 Kg8 95. g5 Kh8 96. Ke5 Kh7 97. Ke4 Kg8 98. Kf5 Kh8 99.
Kf4 Kh7 100. Kg4 Kg8 101. Kh5 Kh8 102. Kh4 Kh7 103. Kh3 Kg8 104. Kh2 Kh8 105. Kh1 Kh7 106. Kg2 Kg8 107. Kg1 Kh8 108. Kf2 Kh7 109. Kf1 Kg7 110. Ke2 Kg8 111. Ke1 Kh8 112. Kd2 Kh7 113. Kd1 Kg7 114. Kc2 Kg8 115. Kc1 Kh8 116. Kb2 Kh7 117. Kb1 Kg7 118. Ka2 Kg8 119. Ka3 Kh8 120. Ka4 Kh7 121. Kb3 Kg7 122. Kb4 Kg8 123. Kc3 Kh8 124. Kc4 Kh7 125. Kd3 Kg7 126. Kd4 Kg8 127. Nf5 Kh8 128. Ke5 Kh7 129. Qh6+ Kg8 130. Qg7# 1-0

[Event "Early-Titled-Tuesday-Blitz-May-14-2024"]
[Site "Chess.com"]
[Date "2024.05.14"]
[Round "10"]
[White "Szparu"]
[Black "Oleksandr_Bortnyk"]
[Result "0-1"]
[WhiteElo "2856"]
[BlackElo "3042"]
[TimeControl "180+1"]
[EndTime "10:00:12 PDT"]
[Termination "Oleksandr_Bortnyk won on time"]

1. e4 Nf6 2. e5 Nd5 3. d4 d6 4.
Nf3 dxe5 5. Nxe5 c6 6. Be2 Bf5 7. O-O Nd7 8. Nf3 e6 9. c4 N5f6 10. Nc3 Bd6 11. Nh4 Bg6 12. g3 Ne4 13. Nxg6 Nxc3 14.
bxc3 hxg6 15. Bf3 O-O 16. h4 Qa5 17. Qb3 Rab8 18. Bg5 e5 19. Rad1 Rfe8 20. Rfe1 Bf8 21. c5 Qc7 22. Kg2 b6 23. cxb6 Nxb6 24. dxe5 Nd7 25. Qa4 Nxe5 26. Bf4 Rb2 27. Qxc6 Nxc6 28. Bxc7 Rc8 29. Rd7 Rb7 30. Bxc6 Rbxc7 31. Rxc7 Rxc7 32. Bd5 Rxc3 33. Rb1 Rc5 34. Bb3 Be7 35. Rd1 Rc7 36.
Rd5 Bc5 37. Rd8+ Kh7 38. Rd5 Bb6 39. Rd3 Re7 40. Rf3 f5 41. Kf1 Kh6 42. Rd3 g5 43. Rd6+ g6 44. hxg5+ Kxg5 45. f4+ Kh6 46. Bc2 Re3 47.
Bxf5 Rxg3 48. Be4 Kh5 49. Bd3 Rf3+ 50. Ke2 Rxf4 51. Bxg6+ Kg5 52. Bb1 Rf2+ 53. Kd1 Rb2 54. Bc2 Rxa2 55. Rd5+ Kf4 56. Rd7 Ke3 57. Kc1 Bd4 58.
Re7+ Kf3 59. Rf7+ Kg3 60. Bb3 Ra5 61. Kc2 Bb6 62. Kd3 Re5 63. Rg7+ Kf4 64. Rf7+ Kg5 65. Rg7+ Kf6 66. Rf7+ Kg6 67. Rf3 Rc5 68. Rg3+ Kf5 69. Re3 Rb5 70. Bc4 Ra5 71. Rf3+ Kg4 72. Rf1 Re5 73.
Kc3 a5 74. Kb3 Bc5 75. Ra1 Bb4 76. Rd1 Kf4 77. Rd5 Re3+ 78. Rd3 Re7 79. Rd4+ Ke3 80. Rd3+ Ke4 81. Rd1 Rc7 82. Rd8 Be7 83. Re8 Kd4 84. Bb5 Rb7 85. Ka4 Bb4 86. Rd8+ Kc3 87. Rd3+ Kb2 88.
Rb3+ Kc2 89. Rh3 Re7 90. Bc4 Rc7 91. Bb3+ Kb2 92. Rh2+ Kc1 93. Rh1+ Kd2 94. Rh2+ Kd3 95. Rh3+ Kd4 96. Rh4+ Ke3 97. Rh3+ Kf4 98. Rh4+ Kg5 99. Rh2 Rb7 100. Rc2 Be1 101. Re2 Rb4+ 102. Ka3 Bc3 103. Re5+ Bxe5 0-1

[Event "Early-Titled-Tuesday-Blitz-May-14-2024"]
[Site "Chess.com"]
[Date "2024.05.14"]
[Round "10"]
[White "DonkyDonkyDonkey"]
[Black "Jospem"]
[Result "0-1"]
[WhiteElo "2919"]
[BlackElo "3008"]
[TimeControl "180+1"]
[EndTime "10:00:21 PDT"]
[Termination "Jospem won by resignation"]

1. d4 Nf6 2. Nc3 d5 3. Bf4 c5 4.
e3 cxd4 5. exd4 Bg4 6. Nf3 Nc6 7. Be2 Bxf3 8. Bxf3 e6 9. O-O Bd6 10. Bxd6 Qxd6 11. Ne2 O-O 12. c3 b5 13. Ng3 b4 14. Qd3 bxc3 15. bxc3 Rfc8 16. Rab1 Rab8 17.
Qa6 Qc7 18. Ne2 g6 19. g3 Na5 20. Kg2 Nc4 21. Rfd1 Kg7 22. Nf4 Rb6 23. Rxb6 Nxb6 24. Rb1 Qd7 25. a4 Rc7 26. a5 Na4 27. Rb8 Nxc3 28.
Qd3 Qd6 29. a6 Nce4 30. Qb5 Rc2 31. Nd3 Qc6 32. Qxc6 Rxc6 33. Nb4 Rc4 34. Rb7 Nd6 35. Rb8 Rxd4 36. Nc6 Ra4 37. Be2 Nc4 38. Rb7 Rxa6 39. Ne5 Nxe5 40. Bxa6 g5 41. Rxa7 g4 42. Be2 h5 43. h3 Kg6 44. hxg4 hxg4 45. Ra4 Ne4 46. Kf1 f5 47. Ra6 Kf6 48. Rb6 Nd2+ 49. Ke1 Ne4 50. Kf1 d4 51. Rb8 d3 52. Bd1 Nc3 53. Bb3 Nf3 54. Rd8 d2 55. Rd3 Ne4 56. Bd1 Ne5 57.
Rd8 Nc6 58. Rd3 Nb4 59. Rd8 Na2 60. Bc2 Nac3 61. Bxe4 d1=Q+ 62. Rxd1 Nxd1 63. Bb7 Nc3 64. Kg2 Nb5 65. f3 Nd6 66. Ba8 gxf3+ 67. Bxf3 Kg5 68. Kf2 e5 69. Bc6 Nc4 70. Bd7 Nb6 71. Be6 Na4 72. Kf3 Nc5 73. Bc4 Nd7 74. Be6 Nf6 75. Bc4 Ne4 76.
Ba6 Kf6 77. Bb5 Ng5+ 78. Ke3 Nf7 79. Bc6 Ng5 80. Bd5 Nh7 81. Bb7 Kg5 82. Kf3 Nf6 83.
Ba6 e4+ 84. Kf2 Ng4+ 85. Ke2 Nh6 86. Kf2 Ng4+ 87. Ke2 Ne5 88. Kf2 Kg4 89. Be2+ Kh3 90. Bf1+ Kh2 91. Ba6 Ng4+ 92. Ke2 Kxg3 93. Bc8 Kf4 94.
Bb7 Ke5 95. Ba8 Nf6 96. Kf2 Nd5 97. Ke2 f4 98. Kf2 f3 99. Bb7 Ne7 100. Ke3 Nf5+ 101. Kf2 Kf4 102. Ke1 e3 103. Bc6 Ng3 104. Bb5 f2+ 105. Kd1 Kf3 106. Bc6+ Kf4 107. Bb5 f1=Q+ 108. Bxf1 Nxf1 109. Ke2 Ng3+ 110. Ke1 Nf5 0-1

[Event "Early-Titled-Tuesday-Blitz-May-14-2024"]
[Site "Chess.com"]
[Date "2024.05.14"]
[Round "10"]
[White "David_Arutinian"]
[Black "ChristopherYoo"]
[Result "1/2-1/2"]
[WhiteElo "2854"]
[BlackElo "2999"]
[TimeControl "180+1"]
[EndTime "10:00:23 PDT"]
[Termination "Game drawn by 50-move rule"]

1. Nf3 c5 2. c4 Nc6 3. d4 cxd4 4. Nxd4 g6 5. e4 Bg7 6. Be3 Qb6 7. Nb3 Qd8 8. Nc3 Bxc3+ 9. bxc3 Nf6 10. f3 O-O 11. Be2 d6 12. O-O Ne5 13. c5 dxc5 14. Qxd8 Rxd8 15. Bxc5 Re8 16. Bd4 Nc6 17. Bf2 b6 18. a4 Ne5 19. a5 Be6 20. Rfb1 Bc4 21. Bd4 Bxe2 22. Bxe5 Nd7 23. Bd4 e5 24. Be3 Rec8 25.
axb6 axb6 26. Rxa8 Rxa8 27. Rb2 Bc4 28. Nd2 Be6 29. c4 Rc8 30. Kf2 f5 31. Rb4 Rc6 32.
exf5 gxf5 33. f4 e4 34. Bd4 Bf7 35. Ke3 Rh6 36. h3 Rg6 37. g4 fxg4 38. hxg4 Rxg4 39. Nxe4 h5 40. Bxb6 h4 41. Bc7 h3 42. f5 Rg2 43.
Kf3 Bh5+ 44. Ke3 Re2+ 45. Kd4 Bf3 46. Ng5 Bg4 47. Rb3 h2 48. Rb1 Bxf5 49. Rh1 Rg2 50.
Nf3 Rg4+ 51. Ke3 Rxc4 52. Bxh2 Nf6 53. Rg1+ Kf8 54. Bd6+ Ke8 55. Rg5 Ng4+ 56. Ke2 Rc2+ 57. Ke1 Bd7 58. Ne5 Nxe5 59. Rxe5+ Kd8 60. Re2 Rc6 61. Rd2 Bg4 62. Kf2 Kd7 63. Bf4+ Ke7 64. Kg3 Bf5 65. Kf2 Rc4 66. Be3 Ke6 67. Rd4 Rc3 68.
Rd2 Bd3 69. Bd4 Rb3 70. Rb2 Ra3 71. Bc5 Ra1 72. Ke3 Bc4 73. Bd4 Ra3+ 74. Ke4 Bd5+ 75. Kf4 Rf3+ 76. Kg4 Rd3 77. Bf2 Ke5 78. Bg3+ Kd4 79. Rf2 Be6+ 80. Kh4 Rd1 81. Kg5 Rg1 82. Kf4 Kd3 83. Rf3+ Ke2 84. Rf2+ Kd1 85. Rf3 Bc4 86. Rf2 Be2 87. Rh2 Kd2 88. Rf2 Kd3 89. Rh2 Ra1 90.
Rf2 Ra4+ 91. Kf5 Ke3 92. Rh2 Bd3+ 93. Kf6 Ra6+ 94. Ke7 Bf5 95. Bd6 Kd4 96. Rd2+ Kc4 97. Rd1 Ra7+ 98. Kf6 Bg4 99. Rd2 Ra8 100. Ke5 Re8+ 101. Kf4 Be2 102. Be5 Bd3 103. Rd1 Re6 104. Rd2 Rh6 105.
Kg5 Rh3 106. Bf4 Rf3 107. Ra2 Rf1 108. Ra4+ Kd5 109. Ra5+ 1/2-1/2

[Event "Early-Titled-Tuesday-Blitz-May-14-2024"]
[Site "Chess.com"]
[Date "2024.05.14"]
[Round "11"]
[White "LileKoridze"]
[Black "nitpicker"]
[Result "1/2-1/2"]
[WhiteElo "2395"]
[BlackElo "2286"]
[TimeControl "180+1"]
[EndTime "10:02:33 PDT"]
[Termination "Game drawn by repetition"]

1. d4 Nf6 2. c4 e6 3. Nf3 d5 4. g3 Bb4+ 5. Bd2 Be7 6. Bg2 c6 7. O-O O-O 8. b3 b6 9. Nc3 Ba6 10. cxd5 cxd5 11. Rc1 Bb7 12. Bf4 Nc6 13. Qd2 a6 14.
Rfd1 Ba3 15. Ra1 Rc8 16. Ne5 Bb4 17. Rac1 Ba3 18. Ra1 Bb4 19. Rac1 Ba3 20. Ra1 1/2-1/2

[Event "Early-Titled-Tuesday-Blitz-May-14-2024"]
[Site "Chess.com"]
[Date "2024.05.14"]
[Round "11"]
[White "Oleksandr_Bortnyk"]
[Black "emiliocordova"]
[Result "1-0"]
[WhiteElo "3047"]
[BlackElo "2904"]
[TimeControl "180+1"]
[EndTime "10:03:39 PDT"]
[Termination "Oleksandr_Bortnyk won by resignation"]

1. e4 c5 2. c3 d5 3. exd5 Qxd5 4. d4 Nc6 5. Be3 cxd4 6. cxd4 e6 7. Nc3 Qd8 8. Nf3 Nf6 9. Bd3 Be7 10. O-O O-O 11.
a3 b6 12. Qe2 Bb7 13. Rad1 Rc8 14. Bb1 Re8 15. Rfe1 Bf8 16. Bg5 Ne7 17. Ne5 Ng6 18.
h4 Be7 19. Nxf7 Kxf7 20. Qxe6+ Kf8 21. Ba2 Nd5 22. Nxd5 Bxg5 23. Ne7 Bd5 24. Bxd5 Qxd5 25. Nxg6+ 1-0

[Event "Early-Titled-Tuesday-Blitz-May-14-2024"]
[Site "Chess.com"]
[Date "2024.05.14"]
[Round "11"]
[White "klercaku"]
[Black "HanSchut"]
[Result "1-0"]
[WhiteElo "2265"]
[BlackElo "2359"]
[TimeControl "180+1"]
[EndTime "10:03:44 PDT"]
[Termination "klercaku won by resignation"]

1. e4 c5 2. Nf3 d6 3. d4 cxd4 4. Nxd4 Nf6 5. Nc3 a6 6. Be2 e5 7.
Nb3 Be7 8. Be3 Be6 9. O-O Nbd7 10. f4 exf4 11. Bxf4 Ne5 12. Nd4 O-O 13. Nxe6 fxe6 14.
Bxe5 dxe5 15. Qxd8 Rfxd8 16. Rad1 Bb4 17. Bd3 Bxc3 18.
bxc3 b5 19. c4 bxc4 20. Bxc4 Nxe4 21. Bxe6+ Kh8 22. Rde1 Rd4 23. Rxe4 Rxe4 24. Bd5 1-0

[Event "Early-Titled-Tuesday-Blitz-May-14-2024"]
[Site "Chess.com"]
[Date "2024.05.14"]
[Round "11"]
[White "Eloist"]
[Black "grozdanovic_a"]
[Result "1-0"]
[WhiteElo "2424"]
[BlackElo "2296"]
[TimeControl "180+1"]
[EndTime "10:03:47 PDT"]
[Termination "Eloist won by resignation"]

1. e4 c5 2. Nf3 d6 3. Bb5+ Bd7 4. Bxd7+ Nxd7 5. O-O Ngf6 6. Qe2 g6 7. d4 cxd4 8. Nxd4 Bg7 9. c4 O-O 10. Nc3 Rc8 11. b3 a6 12. Bb2 Ne5 13. Rad1 Nc6 14. Nxc6 Rxc6 15. e5 Ne8 16. Rfe1 Qa5 17. Nd5 Kh8 18.
Nxe7 Rc7 19. exd6 Rd7 20. Bxg7+ Nxg7 21. Qd2 Rfd8 22. Qxa5 1-0

[Event "Early-Titled-Tuesday-Blitz-May-14-2024"]
[Site "Chess.com"]
[Date "2024.05.14"]
[Round "11"]
[White "super_emi_26"]
[Black "Skatchkov_V"]
[Result "1-0"]
[WhiteElo "2871"]
[BlackElo "2644"]
[TimeControl "180+1"]
[EndTime "10:03:48 PDT"]
[Termination "super_emi_26 won by resignation"]

1. b3 d5 2. Bb2 Bf5 3. e3 e6 4.
Nf3 c6 5. c4 h6 6. d4 Nf6 7.
Nc3 Nbd7 8. Be2 Bd6 9. O-O O-O 10. Re1 Re8 11. Bf1 a6 12. g3 b5 13. Nd2 bxc4 14. bxc4 Rb8 15. Qc1 Qb6 16. Nb3 dxc4 17. Bxc4 c5 18.
Na4 Qb7 19. Naxc5 Bxc5 20. dxc5 Bh3 21. Bf1 Bxf1 22. Rxf1 Rec8 23. Qc3 Nxc5 24. Nxc5 Qxb2 25. Qxb2 Rxb2 26. Nd3 Rcc2 27. Nxb2 Rxb2 28. Rfb1 Rd2 29. Rb4 h5 30. Ra4 Ng4 31. Rf1 Ne5 32. Rxa6 1-0

[Event "Early-Titled-Tuesday-Blitz-May-14-2024"]
[Site "Chess.com"]
[Date "2024.05.14"]
[Round "11"]
[White "ValeriyGrinev"]
[Black "ReinisUz"]
[Result "0-1"]
[WhiteElo "2568"]
[BlackElo "2435"]
[TimeControl "180+1"]
[EndTime "10:03:53 PDT"]
[Termination "ReinisUz won by resignation"]

1. d4 d5 2. c4 c6 3. e3 Nf6 4. Bd3 e6 5. Nd2 Be7 6. Ngf3 Nbd7 7.
O-O O-O 8. e4 dxe4 9. Nxe4 Nxe4 10. Bxe4 Nf6 11. Bc2 b6 12. b3 Bb7 13. Bb2 c5 14.
Re1 cxd4 15. Nxd4 Bc5 16. Qd3 Re8 17. Rad1 e5 18. Nb5 Qxd3 19. Bxd3 e4 20. Bc2 Red8 21. Nc3 Rxd1 22. Rxd1 e3 23. fxe3 Bxe3+ 24. Kf1 Ng4 25. h3 Nh2+ 26. Ke2 Re8 27. Rh1 Bxg2 28. Rxh2 Bg1+ 0-1

[Event "Early-Titled-Tuesday-Blitz-May-14-2024"]
[Site "Chess.com"]
[Date "2024.05.14"]
[Round "11"]
[White "Slovineanu"]
[Black "jraosam"]
[Result "1-0"]
[WhiteElo "2479"]
[BlackElo "2093"]
[TimeControl "180+1"]
[EndTime "10:03:55 PDT"]
[Termination "Slovineanu won by resignation"]

1. d4 d5 2. Nf3 Nf6 3. c4 e6 4. e3 Be7 5. b3 O-O 6. Bd3 dxc4 7. bxc4 c5 8. O-O Nc6 9. Bb2 b6 10. Nc3 Bb7 11. Qe2 cxd4 12. exd4 Rc8 13. Rad1 Qc7 14.
d5 exd5 15. Nxd5 Nxd5 16. cxd5 Nb4 17. Bb1 Bd6 18. Ng5 g6 19. Nxh7 Bxh2+ 20. Kh1 Qf4 21.
Nf6+ 1-0

[Event "Early-Titled-Tuesday-Blitz-May-14-2024"]
[Site "Chess.com"]
[Date "2024.05.14"]
[Round "11"]
[White "Renatoforf"]
[Black "margarita_2703"]
[Result "0-1"]
[WhiteElo "1977"]
[BlackElo "2336"]
[TimeControl "180+1"]
[EndTime "10:04:07 PDT"]
[Termination "margarita_2703 won by resignation"]

1. e4 a5 2. d4 Ra6 3. Bxa6 Nxa6 4. Nf3 b6 5. O-O Bb7 6. Nc3 Qa8 7. Re1 e6 8. d5 Nf6 9. Bg5 Be7 10. dxe6 fxe6 11. e5 Ng8 12. Bxe7 Nxe7 13. Qd3 Nc5 14. Qe2 O-O 15. Rad1 Rxf3 16. gxf3 Bxf3 17. Qe3 Nf5 18. Qf4 Bh1 19. Ne4 Bxe4 20. Rxe4 Nxe4 21. Rxd7 Nc5 22. Rxc7 Qd5 23. Qg5 h6 24. Qd8+ Qxd8 25. Rxg7+ Nxg7 0-1

[Event "Early-Titled-Tuesday-Blitz-May-14-2024"]
[Site "Chess.com"]
[Date "2024.05.14"]
[Round "11"]
[White "Baronessa08"]
[Black "Makswolf200817"]
[Result "0-1"]
[WhiteElo "2603"]
[BlackElo "2775"]
[TimeControl "180+1"]
[EndTime "10:04:11 PDT"]
[Termination "Makswolf200817 won by resignation"]

1. Nf3 d5 2. g3 Nd7 3. d4 Nb6 4. Bg2 Bf5 5. a4 a5 6. b3 e6 7. Ba3 Bxa3 8. Nxa3 Nf6 9. O-O h6 10. Ne5 O-O 11. Rc1 c6 12. h3 Nbd7 13. f4 Be4 14. e3 Bxg2 15. Kxg2 Ne4 16. c4 Qe7 17. c5 Nxe5 18.
fxe5 Qg5 19. Rf3 f6 20. exf6 Rxf6 21. Nc2 Raf8 0-1

[Event "Early-Titled-Tuesday-Blitz-May-14-2024"]
[Site "Chess.com"]
[Date "2024.05.14"]
[Round "11"]
[White "ChadBiryani"]
[Black "Byniolus"]
[Result "1-0"]
[WhiteElo "2560"]
[BlackElo "2774"]
[TimeControl "180+1"]
[EndTime "10:04:11 PDT"]
[Termination "ChadBiryani won by resignation"]

1. c4 d6 2. g3 a6 3. Bg2 g6 4. d4 c6 5. Nc3 e6 6. Nf3 f6 7. O-O b6 8. e4 h6 9. Nh4 Ne7 10. f4 h5 11. e5 dxe5 12. fxe5 fxe5 13. Qf3 Nf5 14. Nxg6 Qxd4+ 15. Kh1 Rh7 16. Ne4 Nd7 17. Bg5 Rf7 18. Rad1 Qxc4 19. Nxe5 Qxa2 20. Nxf7 Kxf7 21. Qxh5+ 1-0

[Event "Early-Titled-Tuesday-Blitz-May-14-2024"]
[Site "Chess.com"]
[Date "2024.05.14"]
[Round "11"]
[White "DonkyDonkyDonkey"]
[Black "Polish_fighter3000"]
[Result "0-1"]
[WhiteElo "2915"]
[BlackElo "3103"]
[TimeControl "180+1"]
[EndTime "10:04:16 PDT"]
[Termination "Polish_fighter3000 won by checkmate"]

1. e4 c6 2. Nc3 d5 3. Nf3 dxe4 4.
Nxe4 Bf5 5. Ng3 Bg4 6. Bc4 e6 7. O-O Nd7 8. d4 Ngf6 9. h3 Bxf3 10. Qxf3 Nb6 11. Qd3 Nxc4 12. Qxc4 Qd5 13. Qd3 O-O-O 14.
Be3 Bd6 15. c4 Qa5 16. Ne4 Bc7 17. Nxf6 gxf6 18. b4 Qh5 19. Kh1 Rhg8 20. Qd1 Qh4 21. Qf3 f5 22. Rad1 Rg4 23. d5 Rxc4 24. dxc6 Rxc6 25.
b5 Rc3 26. Rc1 Qc4 27. Rxc3 Qxf1# 0-1

[Event "Early-Titled-Tuesday-Blitz-May-14-2024"]
[Site "Chess.com"]
[Date "2024.05.14"]
[Round "11"]
[White "ChessBliss09"]
[Black "yonaltimur"]
[Result "1/2-1/2"]
[WhiteElo "2251"]
[BlackElo "2357"]
[TimeControl "180+1"]
[EndTime "10:04:19 PDT"]
[Termination "Game drawn by agreement"]

1. c4 e5 2. Nc3 Nf6 3. Nf3 Nc6 4. g3 d5 5. cxd5 Nxd5 6. Bg2 Nb6 7. O-O Be7 8. d3 O-O 9. a3 Be6 10. b4 f6 11. Bd2 Qd7 12. Rc1 Rfd8 13. Ne4 a6 14.
Nc5 Bxc5 15. Rxc5 Qf7 16. Qc2 Bb3 17. Qb1 Bd5 18. Be3 Rd7 19. Rc2 Rad8 20. Bxb6 cxb6 21. Rfc1 Bxf3 22. Bxf3 Nd4 23. Rc3 Nxf3+ 24. exf3 Qd5 25.
Qb3 Qxb3 26. Rxb3 Rxd3 27. Rxd3 Rxd3 28. Rc8+ Kf7 29. Rc7+ Kg6 30. Rxb7 Rxf3 31. Rxb6 Rxa3 32. Rb7 Rb3 33. Rb6 Rb1+ 1/2-1/2

[Event "Early-Titled-Tuesday-Blitz-May-14-2024"]
[Site "Chess.com"]
[Date "2024.05.14"]
[Round "11"]
[White "Szachulec75"]
[Black "DarZay"]
[Result "0-1"]
[WhiteElo "2134"]
[BlackElo "2307"]
[TimeControl "180+1"]
[EndTime "10:04:27 PDT"]
[Termination "DarZay won by resignation"]

1. Nf3 Nf6 2. g3 d5 3. Bg2 c5 4. d3 Nc6 5. O-O e5 6. Bg5 Be7 7. Nfd2 O-O 8. Nc3 d4 9. Bxf6 Bxf6 10. Nd5 Be6 11. c4 Bxd5 12. cxd5 Ne7 13. Qb3 Rb8 14. a4 b6 15. Ne4 Nxd5 16. Qxd5 Qxd5 17. Nxf6+ gxf6 18.
Bxd5 Kg7 19. f4 exf4 20. Rxf4 Rfe8 21. Be4 Re5 22. Raf1 Re6 23. Bd5 Rd6 24. Bc4 Re8 25.
R1f2 Re5 26. h3 h5 27. Kg2 Kg6 28. g4 hxg4 29. Rxg4+ Kh5 30. Bxf7+ Kh6 31. Rg6+ Kh7 32. Bg8+ Kxg6 0-1

[Event "Early-Titled-Tuesday-Blitz-May-14-2024"]
[Site "Chess.com"]
[Date "2024.05.14"]
[Round "11"]
[White "ansko1999"]
[Black "slorovel"]
[Result "0-1"]
[WhiteElo "2632"]
[BlackElo "2576"]
[TimeControl "180+1"]
[EndTime "10:04:41 PDT"]
[Termination "slorovel won by resignation"]

1. Nc3 e5 2. e4 Nc6 3. Bc4 Bc5 4. Qg4 Kf8 5. d3 d5 6. Qg3 dxc4 7. Bg5 f6 8. Be3 Bxe3 9. fxe3 cxd3 10. O-O-O Be6 11.
Rxd3 Qe8 12. Nf3 Nge7 13. Rf1 Bc4 14. Nxe5 Nxe5 15. Qxe5 Bxd3 16. cxd3 Qd7 17. d4 Kg8 18. Qg3 Rf8 19. h4 h5 20. Kd2 Rh6 21. e5 Rg6 22. Qf3 Qg4 23. Qxb7 Qxg2+ 24. Qxg2 Rxg2+ 25. Kd3 fxe5 0-1

[Event "Early-Titled-Tuesday-Blitz-May-14-2024"]
[Site "Chess.com"]
[Date "2024.05.14"]
[Round "11"]
[White "Aleksandar-Topalov"]
[Black "AlphaGoosee"]
[Result "0-1"]
[WhiteElo "2461"]
[BlackElo "2613"]
[TimeControl "180+1"]
[EndTime "10:04:46 PDT"]
[Termination "AlphaGoosee won by resignation"]

1. b3 d5 2. Bb2 Nf6 3. Nf3 c6 4. g3 Bg4 5. Bg2 Nbd7 6. O-O e6 7. d3 h6 8. Nbd2 Bf5 9. c4 Be7 10. a3 O-O 11. b4 Bh7 12. Qc2 Qc7 13. Rfc1 Rfc8 14.
h3 Qd8 15. Qb3 a5 16. Bc3 a4 17. Qb2 Bf8 18. Ne5 Nxe5 19. Bxe5 Nd7 20. Bc3 Qe8 21. b5 Nc5 22. Bd4 Ra5 23. bxc6 bxc6 24. Bxc5 Bxc5 25. Rab1 Raa8 26. Qa2 Bg6 27. Bf3 Qe7 28. Rc3 Rab8 29. Rxb8 Rxb8 30. Qc2 d4 0-1

[Event "Early-Titled-Tuesday-Blitz-May-14-2024"]
[Site "Chess.com"]
[Date "2024.05.14"]
[Round "11"]
[White "ChainedDowntohell"]
[Black "Resourchess"]
[Result "0-1"]
[WhiteElo "2570"]
[BlackElo "2450"]
[TimeControl "180+1"]
[EndTime "10:04:53 PDT"]
[Termination "Resourchess won by checkmate"]

1. d4 d6 2. e4 g6 3. h4 h6 4. h5 g5 5. Nc3 Bg7 6. f4 gxf4 7.
Be3 fxe3 8. Nf3 Nf6 9. Qd3 Ng4 10. Rh4 Bf6 11. Be2 Bxh4+ 12. Nxh4 e6 13. Nf3 Nc6 14.
a3 Bd7 15. g3 Qf6 16. e5 dxe5 17.
Ne4 Qf5 18. d5 Nf2 19. dxc6 Nxd3+ 20. Bxd3 Qxf3 21. cxd7+ Kxd7 22. Rd1 Ke7 23. Nc3 Qf2# 0-1

[Event "Early-Titled-Tuesday-Blitz-May-14-2024"]
[Site "Chess.com"]
[Date "2024.05.14"]
[Round "11"]
[White "scarabee43"]
[Black "Kunalm64"]
[Result "0-1"]
[WhiteElo "2791"]
[BlackElo "2629"]
[TimeControl "180+1"]
[EndTime "10:04:54 PDT"]
[Termination "Kunalm64 won by checkmate"]

1. Nf3 Nc6 2. d4 d5 3. Nc3 Nf6 4. g3 h5 5. Bg2 Bf5 6. Bf4 e6 7. a3 Ne4 8. Nxe4 Bxe4 9. O-O Bd6 10. Bxd6 Qxd6 11. e3 O-O-O 12. h4 f6 13. b4 g5 14.
hxg5 h4 15. Nxh4 fxg5 16. Bxe4 gxh4 17. Bg2 hxg3 18. f4 Ne7 19. c3 Nf5 20. e4 Ne3 21. Qf3 Nxg2 22. Kxg2 Rh2+ 23. Kxg3 dxe4 24. Qxe4 Rdh8 25. Rh1 R8h3+ 26. Kg4 Qe7 27. Rxh2 Qh4# 0-1

[Event "Early-Titled-Tuesday-Blitz-May-14-2024"]
[Site "Chess.com"]
[Date "2024.05.14"]
[Round "11"]
[White "zozik"]
[Black "malakismayil"]
[Result "0-1"]
[WhiteElo "2346"]
[BlackElo "2532"]
[TimeControl "180+1"]
[EndTime "10:05:17 PDT"]
[Termination "malakismayil won by resignation"]

1. d4 d5 2. Nf3 e6 3. g3 Nf6 4. Bg2 Be7 5. O-O O-O 6. c4 dxc4 7. Qc2 b5 8. Ne5 Nd5 9. a4 c6 10. axb5 cxb5 11. Na3 Bxa3 12. Rxa3 Bb7 13. Bd2 Nd7 14.
Ba5 Qe8 15. e4 N5f6 16. Bb4 Nxe5 17. dxe5 Nd7 18. f4 a5 19. Bxa5 Qc8 20. Bb4 Re8 21. Qf2 Rxa3 22. Bxa3 Qa8 23. Rd1 Nf8 24. Qd4 h5 25. h3 Ng6 26. Qd7 Bc6 27. Qd6 Bxe4 28. Bxe4 Qxe4 29. Qd4 Qf3 30. Qf2 Qxd1+ 0-1

[Event "Early-Titled-Tuesday-Blitz-May-14-2024"]
[Site "Chess.com"]
[Date "2024.05.14"]
[Round "11"]
[White "AlmasRakhmatullaev"]
[Black "Moon_stone123"]
[Result "1-0"]
[WhiteElo "2850"]
[BlackElo "2616"]
[TimeControl "180+1"]
[EndTime "10:05:26 PDT"]
[Termination "AlmasRakhmatullaev won by checkmate"]

1. e4 c6 2. d4 d5 3. exd5 cxd5 4. c4 Nf6 5. Nc3 e6 6. c5 b6 7. b4 a5 8. Na4 bxc5 9. bxc5 Ba6 10. Bxa6 Rxa6 11.
Nf3 Be7 12. O-O O-O 13. Bf4 Nc6 14. Rb1 Ne4 15. Qd3 Qa8 16. Nb6 Qa7 17. a3 f5 18.
Qb5 Qb7 19. Rb3 Bf6 20. Qd3 Qa7 21. Rfb1 g5 22. Bd6 Re8 23. Ne5 Bxe5 24. dxe5 Nxe5 25. Bxe5 Nxc5 26. Qb5 Nxb3 27. Qxe8# 1-0

[Event "Early-Titled-Tuesday-Blitz-May-14-2024"]
[Site "Chess.com"]
[Date "2024.05.14"]
[Round "11"]
[White "KorolDimitriy75"]
[Black "kekic76"]
[Result "1-0"]
[WhiteElo "2403"]
[BlackElo "2288"]
[TimeControl "180+1"]
[EndTime "10:05:26 PDT"]
[Termination "KorolDimitriy75 won by resignation"]

1. d4 d5 2. c4 e6 3. Nc3 Nf6 4. Bg5 Be7 5. cxd5 exd5 6. e3 O-O 7. Bd3 h6 8. Bh4 c6 9. Qc2 Bg4 10. f3 Be6 11. Nge2 Nbd7 12. O-O Rc8 13. Rad1 c5 14. Bf2 c4 15. Bf5 a6 16. Nf4 Bxf5 17.
Qxf5 Nb6 18. h3 Bd6 19. e4 dxe4 20. fxe4 Qd7 21. Qxd7 Nfxd7 22. e5 Bb4 23. Ncd5 Nxd5 24. Nxd5 a5 25. a3 Nb6 26. Nxb6 Rc6 27. Nd5 1-0

[Event "Early-Titled-Tuesday-Blitz-May-14-2024"]
[Site "Chess.com"]
[Date "2024.05.14"]
[Round "11"]
[White "lefonghua"]
[Black "KirAk47"]
[Result "1-0"]
[WhiteElo "2590"]
[BlackElo "2439"]
[TimeControl "180+1"]
[EndTime "10:05:31 PDT"]
[Termination "lefonghua won by checkmate"]

1. d4 g6 2. c4 Bg7 3. e4 d6 4. f4 e5 5. dxe5 dxe5 6. Qxd8+ Kxd8 7. Nc3 Nc6 8. Nf3 Nd4 9. Bd3 Nxf3+ 10. gxf3 c6 11. fxe5 Bxe5 12. Bg5+ f6 13. Be3 g5 14. O-O-O Kc7 15. h4 g4 16. f4 Bxc3 17. bxc3 Ne7 18. f5 b6 19. c5 Kb7 20. Bc4 b5 21. Bf7 h5 22. Rd6 Rf8 23. Bxh5 Bxf5 24. exf5 Nxf5 25. Rd7+ Kc8 26. Rd3 Ng3 27. Bxg4+ f5 28. Rg1 fxg4 29. Rxg3 Rf1+ 30. Kc2 Ra1 31. Rxg4 Rxa2+ 32. Kb3 Rh2 33. Rg8+ Kb7 34. Rd7+ Ka6 35. Rxa8 b4 36. Raxa7+ Kb5 37. c4# 1-0